 Dungeon Crawl Stone Soup version 0.13-a0-1628-g8987dc3 (webtiles) character file.

48032 Rorthrar the Fencer (level 13, -8/108 (111) HPs)
             Began as a Minotaur Fighter on June 16, 2013.
             Was a High Priest of Okawaru.
             Mangled by a dire elephant (18 damage)
             ... on Level 8 of the Lair of Beasts on June 17, 2013.
             The game lasted 03:43:11 (31004 turns).

Rorthrar the Fencer (Minotaur Fighter)             Turns: 31004, Time: 03:43:11

HP  -8/108 (111) AC 22     Str 21      XL: 13   Next: 94%
MP   8/8         EV 20     Int  7      God: Okawaru [*****.]
Gold 1138        SH  0     Dex 13      Spells:  0 memorised, 12 levels left

Res.Fire  : . . .   See Invis. : .   U - +0,+3 great sword (holy)
Res.Cold  : + . .   Warding    : .   O - +3 dwarf ring mail {MR+}
Life Prot.: . . .   Conserve   : .   (no shield)
Res.Poison: .       Res.Corr.  : +   D - +1 elf wizard hat
Res.Elec. : .       Clarity    : .   E - +0 cloak
Sust.Abil.: . .     Spirit.Shd : .   P - +0 pair of gloves
Res.Mut.  : .       Stasis     : .   g - +2 pair of boots
Res.Rott. : .       Flight     : +   J - amulet of resist corrosion
Saprovore : . . .                    I - +2 ring of protection
                                     F - ring of protection from cold

@: flying, studying Bows, heroism, quite resistant to hostile enchantments,
fairly stealthy
A: retaliatory headbutt, horns 2
a: Heroism, Finesse, Renounce Religion


You were on level 8 of the Lair of Beasts.
You worshipped Okawaru.
Okawaru was exalted by your worship.
You were not hungry.

You visited 3 branches of the dungeon, and saw 21 of its levels.

You collected 1374 gold pieces.
You spent 256 gold pieces at shops.

Inventory:

Hand weapons
 e - a +0,+0 sling
 n - a +4,+1 vampiric scythe
 y - a +3,+0 trident of dragon slaying
 K - a +3,+1 long sword of protection
 Q - a +1,+4 dwarven war axe of freezing
 R - a +0,+2 spear (quivered)
 U - a +0,+3 great sword of holy wrath (weapon)
Missiles
 f - 9 silver darts
 h - 32 darts
 s - 13 darts of flame
 w - 24 stones
Armour
 g - a +2 pair of boots (worn)
 l - a +2 dwarven buckler
 D - a +1 elven wizard hat (worn)
 E - a +0 cloak (worn)
 O - a +3 dwarven ring mail of magic resistance (worn)
 P - a +0 pair of gloves (worn)
Magical devices
 a - a wand of cold (1)
 b - a wand of random effects (7)
 o - a wand of fire (0)
 q - a wand of fireball (1)
 x - a wand of frost (22)
 A - a wand of frost (14)
 G - a wand of disintegration (13)
 H - a wand of flame (10)
 S - a wand of lightning (8)
Comestibles
 d - 15 bread rations
 i - 3 meat rations
Scrolls
 c - a scroll of enchant weapon I
 m - 8 scrolls of remove curse
 u - 3 scrolls of fog
Jewellery
 p - an uncursed amulet of faith {unknown}
 F - a ring of protection from cold (left hand)
 I - a +2 ring of protection (right hand)
 J - an amulet of resist corrosion (around neck)
 M - an uncursed ring of fire
Potions
 v - 2 potions of curing
 B - 2 potions of restore abilities
 C - a potion of brilliance
Books
 j - a manual of Bows
Magical staves
 k - an uncursed staff of fire
Miscellaneous
 z - a phial of floods


   Skills:
 + Level 10.7(15.7) Fighting
 + Level 16.5(21.5) Long Blades
 + Level 0.0(5.0) Axes
   Level 5.8(10.8) Maces & Flails
 + Level 4.1(9.1) Polearms
 + Level 0.0(5.0) Staves
 + Level 2.2(7.2) Slings
 + Level 0.0(5.0) Bows
   Level 0.0(5.0) Crossbows
 + Level 5.3(10.3) Throwing
 + Level 11.4(16.4) Armour
 + Level 12.3(17.3) Dodging
   Level 0.0 Stabbing
   Level 14.2(19.2) Shields
 + Level 1.8(6.8) Traps
 + Level 0.0(5.0) Unarmed Combat
 + Level 0.0 Spellcasting
   Level 0.0 Conjurations
   Level 0.0 Hexes
   Level 0.0 Charms
   Level 0.0 Summonings
   Level 0.0 Necromancy
   Level 0.0 Translocations
   Level 0.0 Transmutations
   Level 0.0 Fire Magic
   Level 0.0 Ice Magic
   Level 0.0 Air Magic
   Level 0.0 Earth Magic
   Level 0.0 Poison Magic
 - Level 1.0 Invocations
 + Level 2.1 Evocations


You had 12 spell levels left.
You didn't know any spells.

Dungeon Overview and Level Annotations

Branches:
Dungeon (12/27)            Temple (1/1) D:7             Orc (0/4) D:9
   Lair (8/8) D:12         Shoals (0/5) Lair:4        Snake (0/5) Lair:4
 Spider (0/5) Lair:5        Slime (0/6) Lair:7

Altars:
Ashenzari
Cheibriados
Elyvilon
Fedhas
Kikubaaqudgha
Makhleb
Nemelex Xobeh
Okawaru
Sif Muna
Trog
Vehumet
Yredelemnul
Zin
the Shining One
Jiyva

Shops:
D:5: (=*(+ D:9: + D:11: = D:12: *

Portals:
Trove: D:10 (show slimy rune of Zot)

Annotations
D:9 Erolcha


Innate Abilities, Weirdness & Mutations

You reflexively headbutt those who attack you in melee.
You have a pair of horns on your head.


Message History

You continue taking off your +2 dwarven buckler.
The dire elephant closely misses you.
The dire elephant trunk-slaps you but does no damage.
You hear a grinding noise.
The dire elephant tramples you but does no damage.
The dire elephant closely misses you.
You finish taking off your +2 dwarven buckler.
You stop training Shields.
Wield which item (- for none, * to show all)? (? for menu, Esc to quit)
You feel less protected.
It softly glows with a divine radiance!
U - a +0,+3 great sword of holy wrath (weapon)
The dire elephant tramples you!
* * * LOW HITPOINT WARNING * * *
You hold your ground!
The dire elephant closely misses you.
You slice the dire elephant!! You headbutt the dire elephant.
The dire elephant is heavily wounded.
The dire elephant barely misses you.
The dire elephant trunk-slaps you but does no damage.
The dire elephant tramples you!
You die...

#..Y##...'P.(#
##...'..######
##P..#8...#
#...#####.#
###..'..#.##
##.Y..#..# ###..##.#
#...#Y### #8.8#.@.#
##'####Y##
##..P≈#..#..
#..≈≈≈##.#... ..
#≈≈≈≈≈≈#.#..# ..
#≈≈≈≈≈.#.#..## ..f
##≈≈≈.##.#...#### .f.
#''####.#......####..f
....##8.#....)..#.....


You could see 2 dire elephants.

Vanquished Creatures
  The ghost of Sneal the Severer, a powerful MiBe of Trog (D:11)
  A hydra (Lair:8)
  An anaconda (Lair:8)
  3 death yaks
  Urug (D:12)
  2 unseen horrors
  An ice statue (Lair:2)
  A hill giant (D:11)
  Joseph (D:12)
  3 black mambas
  22 elephants
  A feature mimic (D:10)
  9 spiny frogs
  A mermaid (Lair:4)
  5 komodo dragons
  A hill giant skeleton (D:10)
  Grinder (D:2)
  Prince Ribbit (D:7)
  A troll (D:10)
  2 polar bears
  21 blink frogs
  A wraith (D:12)
  3 basilisks
  A hungry ghost (D:10)
  2 wyverns
  Eustachio (D:5)
  67 yaks
  6 fire drakes
  2 manticores
  4 war dogs (Lair:4)
  Menkaure (D:5)
  7 hippogriffs
  2 orc warriors
  A sky beast (D:12)
  2 phantoms
  A cyclops skeleton (D:10)
  22 ice beasts
  2 yellow wasps
  A yak zombie (D:12)
  3 centaurs
  2 nagas (Lair:4)
  12 crocodiles
  A troll skeleton (D:11)
  18 giant frogs
  A wolf (Lair:3)
  A centaur zombie (D:12)
  9 giant slugs
  10 water moccasins
  4 agate snails
  A centaur skeleton (D:5)
  2 pulsating lumps (Lair:7)
  5 crimson imps
  4 goliath beetles
  16 hounds
  Crazy Yiuf (D:3)
  A scorpion (D:5)
  12 porcupines
  4 orc wizards
  2 orc priests
  8 iguanas
  5 sheep (Lair:6)
  6 worker ants
  Ijyb (D:2)
  4 jellies (D:3)
  36 green rats
  12 gnolls
  A giant centipede (Lair:2)
  21 adders
  2 adder skeletons
  3 giant mites
  An iguana skeleton (D:11)
  2 white imps (Lair:2)
  7 worms
  A grey rat (D:5)
  A giant eyeball (D:5)
  8 giant geckos
  2 oozes
  30 orcs
  7 giant cockroaches
  11 goblins
  19 hobgoblins
  42 jackals
  15 quokkas
  2 ball pythons
  26 bats
  2 giant newts
  21 kobolds
  2 kobold skeletons (D:4)
  2 orc zombies
  A quokka zombie (D:7)
  24 rats
  A rat skeleton (D:6)
  15 ballistomycetes (D:11)
  3 fungi
  10 plants
669 creatures vanquished.

Vanquished Creatures (others)
  An iguana (D:11)
  A giant gecko (Lair:2)
  A jackal (Lair:6)
  2 quokkas
  10 giant spores (D:11)
  2 rats
  3 ballistomycetes (D:11)
  4 bushes (Lair:6)
  8 fungi
  3 plants (Lair:7)
35 creatures vanquished.

Grand Total: 704 creatures vanquished

Notes
Turn   | Place    | Note
--------------------------------------------------------------
     0 | D:1      | Rorthrar, the Minotaur Fighter, began the quest for the Orb.
     0 | D:1      | Reached XP level 1. HP: 19/19 MP: 0/0
   127 | D:1      | Reached skill level 4 in Shields
   127 | D:1      | Reached XP level 2. HP: 26/26 MP: 0/0
   636 | D:2      | Reached XP level 3. HP: 24/33 MP: 1/1
   722 | D:2      | Noticed Ijyb
   737 | D:2      | Killed Ijyb
   737 | D:2      | Reached skill level 1 in Dodging
   898 | D:2      | Reached XP level 4. HP: 36/40 MP: 1/1
  1012 | D:2      | Reached skill level 1 in Throwing
  1615 | D:3      | Noticed an ice beast
  1637 | D:3      | Killed an ice beast
  1637 | D:3      | Reached XP level 5. HP: 46/46 MP: 1/1
  1657 | D:3      | Noticed Grinder
  1697 | D:2      | Killed Grinder
  1697 | D:2      | Reached skill level 5 in Armour
  1697 | D:2      | Reached skill level 5 in Shields
  1697 | D:2      | Reached XP level 6. HP: 12/53 MP: 2/2
  2379 | D:3      | Found a viscous altar of Jiyva.
  2415 | D:3      | Reached XP level 7. HP: 60/60 MP: 2/2
  2430 | D:3      | Noticed Crazy Yiuf
  2444 | D:3      | Killed Crazy Yiuf
  2913 | D:4      | Found a white marble altar of Elyvilon.
  3058 | D:4      | Reached skill level 1 in Maces & Flails
  3502 | D:4      | Gained mutation: Your muscles are flexible, but weak (Str -1, Dex +1). [potion of beneficial mutation]
  3952 | D:5      | Entered Level 5 of the Dungeon
  3988 | D:5      | Found Yceg's General Store.
  4029 | D:5      | Noticed Menkaure
  4031 | D:5      | Found Dur Lea's Book Boutique.
  4044 | D:5      | Killed Menkaure
  4044 | D:5      | Reached skill level 5 in Fighting
  4505 | D:5      | Reached skill level 6 in Shields
  4599 | D:5      | Reached XP level 8. HP: 54/68 MP: 2/2
  4700 | D:5      | Found Uweolaco's Jewellery Boutique.
  4986 | D:5      | Found Supp's Weapon Emporium.
  4996 | D:5      | Bought 8 poisoned darts for 22 gold pieces
  5058 | D:5      | Noticed Eustachio
  5077 | D:5      | Killed Eustachio
  5177 | D:5      | Found Qat Atut's Weapon Shop.
  5801 | D:6      | Found a white marble altar of Elyvilon.
  6350 | D:6      | Reached skill level 7 in Shields
  6548 | D:7      | Got a brightly glowing chain mail
  6549 | D:7      | Identified the cursed -5 chain mail of the Gravedigger {rN+} (You found it on level 7 of the Dungeon)
  6977 | D:5      | Reached skill level 5 in Maces & Flails
  6983 | D:5      | Bought a book of Hinderance for 220 gold pieces
  6994 | D:5      | Paralysed by a giant eyeball for 3 turns
  7147 | D:7      | Reached XP level 9. HP: 50/74 MP: 3/3
  7426 | D:7      | Noticed Prince Ribbit
  7442 | D:7      | Killed Prince Ribbit
  7442 | D:7      | Reached skill level 5 in Dodging
  7639 | D:7      | Found a staircase to the Ecumenical Temple.
  7678 | Temple   | Entered the Ecumenical Temple
  7784 | Temple   | Became a worshipper of Warmaster Okawaru
  7858 | D:7      | Found a sparkling altar of Nemelex Xobeh.
  9046 | D:9      | Found Smuolud's Book Shop.
  9213 | D:9      | Found a staircase to the Orcish Mines.
  9279 | D:9      | Noticed Erolcha
  9662 | D:9      | Reached skill level 1 in Long Blades
 10142 | D:9      | Reached skill level 8 in Shields
 10201 | D:10     | Entered Level 10 of the Dungeon
 10264 | D:10     | Acquired Okawaru's first power
 10785 | D:10     | Lost mutation: Your muscles are flexible, but weak (Str -1, Dex +1). [potion of cure mutation]
 11119 | D:10     | Found a portal to a secret trove of treasure.
 11314 | D:10     | Killed a door mimic
 11314 | D:10     | Reached skill level 5 in Long Blades
 11314 | D:10     | Reached XP level 10. HP: 78/82 MP: 3/3
 11570 | D:11     | HP: 4/82 [orc/orcish short sword (2)]
 12323 | D:11     | Paralysed by a yellow wasp for 3 turns
 12329 | D:11     | Paralysed by a yellow wasp for 1 turns
 12450 | D:11     | Noticed a hill giant
 12491 | D:11     | Killed a hill giant
 12634 | D:11     | Noticed Sneal's ghost (powerful MiBe)
 12671 | D:11     | Killed an unseen horror
 12671 | D:11     | Reached skill level 9 in Shields
 12671 | D:11     | Reached skill level 1 in Traps
 13055 | D:11     | Killed Sneal's ghost
 13441 | D:11     | Found Qighon's Jewellery Boutique.
 14028 | D:12     | Killed an unseen horror
 14028 | D:12     | Reached skill level 10 in Shields
 14197 | D:12     | Noticed Urug
 14505 | D:12     | Killed Urug
 14505 | D:12     | Reached XP level 11. HP: 56/90 MP: 1/4
 15100 | D:12     | Identified a scroll of acquirement
 15103 | D:12     | Got a pitted mace
 15104 | D:12     | Identified the +6,-5 mace "Waroq" {venom, Str+3} (You acquired it on level 12 of the Dungeon)
 15121 | D:12     | Got a distressingly furry scale mail
 15122 | D:12     | Identified the cursed +0 scale mail of Wepoelin {+Inv rElec Stlth++} (You found it on level 12 of the Dungeon)
 15208 | D:12     | Found Nosh's Demolitions Depot.
 15224 | D:12     | Bought a scroll of immolation for 14 gold pieces
 15733 | D:12     | Found a staircase to the Lair.
 15780 | D:12     | Noticed Joseph
 15795 | D:12     | Killed Joseph
 15795 | D:12     | Reached skill level 10 in Armour
 15821 | D:12     | Reached skill level 1 in Evocations
 15987 | Lair:1   | Entered Level 1 of the Lair of Beasts
 16812 | Lair:1   | Reached skill level 11 in Shields
 17198 | Lair:2   | Reached skill level 10 in Long Blades
 17236 | Lair:1   | HP: 2/91 [polar bear (6)]
 17634 | Lair:2   | Noticed an ice statue
 17674 | Lair:2   | Reached skill level 1 in Invocations
 17927 | Lair:2   | Killed an ice statue
 18949 | Lair:3   | Acquired Okawaru's second power
 19132 | Lair:3   | Reached XP level 12. HP: 95/99 MP: 7/7
 19230 | Lair:3   | Reached skill level 12 in Long Blades
 19649 | Lair:2   | Received a gift from Okawaru
 20282 | Lair:2   | Reached skill level 13 in Long Blades
 22069 | Lair:4   | Noticed a death yak
 22113 | Lair:4   | Killed a death yak
 22113 | Lair:4   | Reached skill level 5 in Throwing
 22190 | Lair:4   | Noticed a death yak
 22191 | Lair:4   | Noticed a death yak
 22495 | Lair:3   | Killed a death yak
 22508 | Lair:4   | Killed a death yak
 22727 | Lair:4   | Found a staircase to the Shoals.
 22774 | Lair:4   | Found a staircase to the Snake Pit.
 22790 | Lair:4   | Reached skill level 14 in Long Blades
 24630 | Lair:5   | Received a gift from Okawaru
 25162 | Lair:5   | Found a hole to the Spider Nest.
 25520 | Lair:6   | Reached skill level 10 in Dodging
 25740 | Lair:6   | Reached XP level 13. HP: 86/105 MP: 8/8
 25784 | Lair:6   | Reached skill level 15 in Long Blades
 27220 | Lair:7   | Found a staircase to the Slime Pits.
 27285 | Lair:7   | Reached skill level 10 in Fighting
 27958 | Lair:7   | Received a gift from Okawaru
 27961 | Lair:7   | Reached skill level 16 in Long Blades
 28365 | Lair:7   | Found an ancient bone altar of Kikubaaqudgha.
 29130 | Lair:8   | Entered Level 8 of the Lair of Beasts
 29201 | Lair:8   | HP: 4/107 [elephant (14)]
 29747 | Lair:8   | HP: 5/108 [fire drake/blast of flame (21)]
 30484 | Lair:8   | Noticed a four-headed hydra
 30508 | Lair:8   | Killed a four-headed hydra
 30948 | Lair:8   | Noticed a dire elephant
 30948 | Lair:8   | Noticed a dire elephant
 30977 | Lair:8   | Noticed a dire elephant
 31004 | Lair:8   | Mangled by a dire elephant

Action                   |  1- 3 |  4- 6 |  7- 9 | 10-12 | 13-15 || total
-------------------------+-------+-------+-------+-------+-------++-------
Melee: Trident           |   108 |    34 |     6 |    38 |     8 ||   194
       Spear             |       |    64 |       |       |       ||    64
       Whip              |       |    12 |       |       |       ||    12
       Hammer            |       |       |   429 |       |       ||   429
       Long sword        |       |       |   193 |  1592 |   848 ||  2633
       Great sword       |       |       |       |       |     1 ||     1
 Fire: Sling             |       |       |       |    14 |       ||    14
Throw: Dart              |    19 |    12 |    46 |    54 |    14 ||   145
       Dagger            |     1 |     8 |    21 |       |       ||    30
       Stone             |       |     9 |    12 |       |       ||    21
       Spear             |       |       |       |     6 |     4 ||    10
Invok: Heroism           |       |       |       |     5 |     8 ||    13
       Finesse           |       |       |       |     1 |     3 ||     4
Evoke: Wand              |       |       |     3 |    26 |     9 ||    38
  Use: Potion            |       |     1 |     9 |    11 |     6 ||    27
       Scroll            |       |       |    32 |    23 |     7 ||    62
